 Dungeon Crawl Stone Soup version 0.28-a0-511-gcc94558de3 (webtiles) character file.

Game seed: 14351367177415597520

16985 robertstho the Thaumaturge (level 12, -6/86 HPs)
             Began as a Djinni Fire Elementalist on Sept 21, 2021.
             Was an Initiate of Gozag.
             Mangled by a yak (12 damage)
             ... on level 1 of the Lair of Beasts.
             The game lasted 00:23:35 (17380 turns).

robertstho the Thaumaturge (DjFE)                  Turns: 17380, Time: 00:23:36

Health: -6/86      AC:  4    Str:  7    XL:     12   Next: 77%
Gold:   73         EV: 15    Int: 22    God:    Gozag SH:  0 Dex: 16

rFire   + + +      SeeInvis +   w - +1 dagger (venom)
rCold   + + .      Faith    .   (no shield)
rNeg    + . .      Spirit   .   a - +0 robe
rPois   ∞          Reflect  .   K - +0 helmet {SInv}
rElec   .          Harm     .   H - scarf {rC+ rF+}
rCorr   .          Rampage  .   (no gloves)
Will    +....                   (boots unavailable)
Stlth   +++.......              (no amulet)
HPRegen 0.24/turn               u - ring of wizardry
MPRegen 0.00/turn               b - ring "Ceetzuca" {rC++ rN+ Int+2}

@: flying
A: sickness immunity, fire resistance 2, cold vulnerability 1, float, innate
caster, hp casting, extra vitality 1
a: Renounce Religion, Potion Petition, Call Merchant, Bribe Branch


You were on level 1 of the Lair of Beasts.
You worshipped Gozag.
Gozag was noncommittal.
You visited 3 branches of the dungeon, and saw 15 of its levels.

You collected 2043 gold pieces.
You spent 1196 gold pieces at shops.
You paid 774 gold pieces to Gozag.

Inventory:

Hand Weapons
 w - a +1 dagger of venom (weapon)
Missiles
 l - 2 throwing nets
Armour
 a - a +0 robe (worn)
 H - a scarf of resistance (worn)
 K - a +0 helmet of see invisible (worn)
Jewellery
 b - the ring "Ceetzuca" (right hand) {rC++ rN+ Int+2}
   (You acquired it on level 4 of the Dungeon)

   [ring of positive energy]

   Int:       It affects your intelligence (+2).
   rC:        It greatly protects you from cold.
   rN:        It protects you from negative energy.
 d - a ring of willpower
 u - a ring of wizardry (left hand)
 I - a ring of protection from cold
Wands
 g - a wand of paralysis (10)
 n - a wand of digging (6)
 q - a wand of iceblast (12)
 y - a wand of mindburst (16)
 C - a wand of flame (12)
 E - a wand of polymorph (6)
Scrolls
 e - 4 scrolls of immolation
 f - a scroll of noise {unknown}
 i - 4 scrolls of enchant armour {unknown}
 j - a scroll of holy word {unknown}
 m - 4 scrolls of magic mapping
 r - a scroll of enchant weapon
 s - 2 scrolls of vulnerability
 t - a scroll of fog
 x - 3 scrolls of teleportation
 J - a scroll of summoning {unknown}
Potions
 c - a potion of lignification {unknown}
 k - 3 potions of brilliance
 o - 2 potions of resistance
 v - a potion of berserk rage
 z - 2 potions of haste
 A - 2 potions of ambrosia
 B - 2 potions of curing
 D - a potion of might
 F - a potion of mutation


   Skills:
 * Level 8.1 Fighting
 + Level 3.6 Short Blades
 * Level 8.3 Armour
 + Level 6.7 Dodging
 + Level 5.0 Stealth
 + Level 11.0 Spellcasting


You had 6 spell levels left.
You knew the following spells:

 Your Spells              Type           Power      Damage    Failure   Level
a - Foxfire               Conj/Fire      100%       2x1d9     1%          1
b - Scorch                Fire           100%       2d10      1%          2
c - Conjure Flame         Conj/Fire      57%        6-21      1%          3
d - Inner Flame           Hex/Fire       57%        N/A       1%          3
e - Flame Wave            Conj/Fire      57%        3d10      1%          4
f - Summon Small Mammal   Summ           100%       N/A       1%          1
g - Slow                  Hex            57%        N/A       1%          2
h - Teleport Other        Tloc           57%        N/A       1%          3
i - Passage of Golubria   Tloc           N/A        N/A       1%          4
j - Airstrike             Air            28%        N/A       1%          4
Your spell library was empty.

Dungeon Overview and Level Annotations

Branches:
Dungeon (13/15)            Temple (1/1) D:5            Lair (1/6) D:10
    Orc: D:9-12      Vaults: D:13-14

Altars:
Ashenzari
Cheibriados
Dithmenos
Elyvilon
Fedhas
Gozag
Hepliaklqana
Kikubaaqudgha
Makhleb
Nemelex Xobeh
Okawaru
Qazlal
Ru
Sif Muna
Trog
Uskayaw
Vehumet
Wu Jian
Xom
Yredelemnul
Zin
The Shining One

Shops:
D:8 *[!   D:10 [

Annotations:
D:7 2 transporters
D:8 Harold
D:9 exclusion: orange crystal statue


Innate Abilities, Weirdness & Mutations

You are immune to sickness and miasma.
You are immune to poison.
Your flesh is very heat resistant. (rF++)
You are vulnerable to cold. (rC-)
You float through the air rather than walking.
You learn spells naturally, not from books.
Your magical power is your life essence.
You have superior vitality. (+4 HP)


Message History

A wave of flame ripples out!
The flame wave engulfs the wolf!!
The wolf is almost dead. (Press . to intensify the flame waves.)
You hear a bellow!
The wolf bites you but does no damage. The wolf bites you.
A wave of flame ripples out!
The flame wave engulfs the wolf!!
You kill the wolf!
A komodo dragon comes into view.
A komodo dragon is nearby!
A komodo dragon is nearby!
You now have 73 gold pieces (gained 6).
A yak comes into view.
There are no items here.
The komodo dragon bites you!!
Casting: Flame Wave (safe; 1% risk of failure)
Confirm with . or Enter, or press ? or * to list all spells.
Casting: Flame Wave (safe; 1% risk of failure)
Press: ? - help, Dir - look around, f - activate A wave of flame ripples out!
The flame wave engulfs the komodo dragon!
The komodo dragon is moderately wounded. (Press . to intensify the flame waves.)
The komodo dragon bites you!!
* * * LOW HITPOINT WARNING * * *
A wave of flame ripples out!
The flame wave engulfs the komodo dragon.
The komodo dragon is moderately wounded.
The flame wave engulfs the fungus!!
The fungus begins to die.
The fungus is lightly damaged.
The flame wave engulfs the yak!
The yak is moderately wounded.
* * * LOW HITPOINT WARNING * * *
The komodo dragon barely misses you.
Okay, then.
Okay, then.
You feel better. The komodo dragon bites you.
* * * LOW HITPOINT WARNING * * *
The yak gores you!
You die...
Your body crumbles into a pile of gold.

# ##### ##
##.#####...#######.##
..............$$..$..
.............####.#.+.
.##.###P.##.$..#........
...............#......#
#........#.....@....#
#........#....#Yl..##
#........'....P....#
.#........P.........#
.#........#.........#
..........#.....##..#
...#+...#............
......................
.+.................


You could see a komodo dragon and a yak.

Vanquished Creatures
  Josephine (D:10)
  2 two-headed ogres (D:10)
  Nergalle (D:10)
  A manticore (D:13)
  An ice statue (D:9)
  Psyche (D:10)
  2 cane toads (Lair:1)
  A rime drake (Lair:1)
  A komodo dragon (D:12)
  A kobold demonologist (D:8)
  A troll (D:12)
  A basilisk (D:13)
  4 wraiths (D:10)
  14 yaks
  3 steam dragons
  5 vampire mosquitoes
  Grum (D:10)
  2 acid dragons
  2 wargs (D:10)
  4 water moccasins
  3 orc warriors
  A sky beast (D:8)
  Purgy (D:3)
  An ice beast (D:6)
  2 hornet zombies (D:6)
  A black bear (D:6)
  2 necrophages
  3 ogres (D:5)
  8 wolves
  A phantom (D:5)
  3 centaurs
  16 kobold brigands
  3 bullfrogs
  2 scorpions (D:5)
  A gnoll sergeant (D:7)
  A water moccasin zombie (D:5)
  2 water moccasin skeletons
  3 killer bees (D:10)
  12 wights
  A howler monkey (D:10)
  9 centaur zombies
  8 orc priests
  A hound (D:6)
  A gnoll shaman (D:6)
  A centaur skeleton (D:7)
  A human zombie (D:10)
  A jelly (D:5)
  2 bullfrog skeletons
  Natasha (twice) (D:3)
  4 iguanas
  11 orc wizards
  A hound zombie (D:5)
  2 hound skeletons (D:4)
  3 mummies (D:10)
  4 howler monkey zombies
  5 gnolls (D:6)
  8 adders
  A shadow imp (D:7)
  2 white imps
  An ufetubus (D:4)
  An adder skeleton (D:5)
  5 worms
  A dart slug (D:4)
  30 orcs
  12 ball pythons
  4 endoplasms
  4 giant cockroaches
  4 goblins
  4 hobgoblins
  15 jackals
  36 kobolds
  7 quokkas
  3 bats
  2 frilled lizards (D:2)
  4 rats
316 creatures vanquished.

Vanquished Creatures (others)
  180 foxfires
  A fungus (Lair:1)
  25 plants (D:12)
  A withered plant (D:10)
207 creatures vanquished.

Grand Total: 523 creatures vanquished

Notes
Turn   | Place    | Note
-------+----------+-------------------------------------------
     0 | D:1      | robertstho the Djinni Fire Elementalist began the quest for
                  | the Orb.
     0 | D:1      | Reached XP level 1. HP: 15/15 MP: 0/0
   221 | D:1      | Reached XP level 2. HP: 20/22 MP: 0/0
  1062 | D:1      | Reached XP level 3. HP: 4/26 MP: 0/0
  1062 | D:1      | Learned a level 1 spell: Summon Small Mammal
  1452 | D:1      | Reached skill level 1 in Fighting
  1625 | D:2      | Reached skill level 3 in Spellcasting
  2370 | D:2      | Reached skill level 1 in Armour
  2370 | D:2      | Reached XP level 4. HP: 25/32 MP: 0/0
  2988 | D:3      | Noticed Purgy
  2995 | D:3      | Killed Purgy
  2996 | D:3      | Reached XP level 5. HP: 15/38 MP: 0/0
  2996 | D:3      | Learned a level 2 spell: Slow
  3206 | D:3      | Noticed Natasha
  3210 | D:3      | Killed Natasha
  3298 | D:3      | Reached XP level 6. HP: 32/43 MP: 0/0
  3518 | D:3      | Noticed Natasha
  3523 | D:3      | Killed Natasha
  3806 | D:3      | Reached skill level 4 in Spellcasting
  5167 | D:4      | Reached XP level 7. HP: 49/49 MP: 0/0
  5167 | D:4      | Learned a level 3 spell: Teleport Other
  5707 | D:4      | Found a hazy altar of Hepliaklqana.
  5958 | D:4      | Identified a scroll of acquirement
  5962 | D:4      | Acquired the ring "Ceetzuca" {rC++ rN+ Int+2}
  6051 | D:5      | Entered Level 5 of the Dungeon
  6180 | D:5      | Reached skill level 5 in Spellcasting
  6185 | D:5      | Reached XP level 8. HP: 32/56 MP: 0/0
  6540 | D:5      | Found a staircase to the Ecumenical Temple.
  6557 | D:5      | Reached skill level 6 in Spellcasting
  6563 | Temple   | Entered the Ecumenical Temple
  7364 | Temple   | Became a worshipper of Gozag Ym Sagoz the Greedy
  8071 | D:5      | Found a stormy altar of Qazlal.
  8118 | D:5      | Found an iron altar of Okawaru.
  8133 | D:5      | Identified the +0 robe of Fedhas's Scorn {Rampage}
  8191 | D:6      | Reached XP level 9. HP: 25/62 MP: 0/0
  8191 | D:6      | Learned a level 4 spell: Passage of Golubria
  8530 | D:6      | Reached skill level 7 in Spellcasting
  8848 | D:6      | Found a shadowy altar of Dithmenos.
  9001 | D:6      | Found a bloodstained altar of Trog.
  9001 | D:6      | Found a basalt altar of Yredelemnul.
  9452 | D:7      | Found an ornate altar of the Wu Jian Council.
  9470 | D:7      | Found a transporter.
  9598 | D:7      | Found a transporter.
 10227 | D:7      | Reached skill level 5 in Armour
 10228 | D:7      | Reached skill level 1 in Short Blades
 10444 | D:8      | Found a hide-covered altar of Uskayaw.
 10450 | D:8      | Reached skill level 5 in Fighting
 10450 | D:8      | Reached XP level 10. HP: 63/70 MP: 0/0
 10454 | D:8      | Reached skill level 8 in Spellcasting
 10717 | D:8      | Found Joit's Antique Armour Emporium.
 10722 | D:8      | Bought a glowing hat for 231 gold pieces
 10752 | D:8      | Found Hacruk Uquqa's General Store.
 10757 | D:8      | Bought a scroll of identify for 22 gold pieces
 10757 | D:8      | Bought a scroll of blinking for 82 gold pieces
 10757 | D:8      | Bought a potion of haste for 110 gold pieces
 10806 | D:8      | Noticed Harold
 11114 | D:8      | Found a shimmering altar of Xom.
 11488 | D:9      | Noticed an ice statue
 11499 | D:9      | Killed an ice statue
 12336 | D:9      | Noticed an orange crystal statue
 12339 | D:9      | Noticed a two-headed ogre
 12581 | D:8      | Found Impeg's Distillery.
 12589 | D:8      | Bought a potion of might for 56 gold pieces
 12589 | D:8      | Bought a potion of heal wounds for 70 gold pieces
 12589 | D:8      | Bought a potion of invisibility for 112 gold pieces
 12589 | D:8      | Bought a potion of curing for 42 gold pieces
 12589 | D:8      | Bought a potion of mutation for 112 gold pieces
 12589 | D:8      | Bought a potion of magic for 112 gold pieces
 12646 | D:8      | Noticed a kobold demonologist
 12652 | D:8      | Reached XP level 11. HP: 63/76 MP: 0/0
 12652 | D:8      | Learned a level 4 spell: Airstrike
 12660 | D:8      | Reached skill level 5 in Dodging
 12660 | D:8      | Reached skill level 9 in Spellcasting
 13393 | D:10     | Entered Level 10 of the Dungeon
 13393 | D:10     | Noticed Grum
 13404 | D:10     | Killed Grum
 13697 | D:10     | Noticed Josephine
 13994 | D:10     | Killed Josephine
 14256 | D:10     | Noticed Psyche
 14260 | D:10     | Noticed Nergalle
 14265 | D:10     | Killed Psyche
 14272 | D:10     | Killed Nergalle
 14422 | D:10     | Reached XP level 12. HP: 62/85 MP: 0/0
 14568 | D:10     | Found a blossoming altar of Fedhas.
 14577 | D:10     | You are sucked into a shaft and drop 3 floors!
 14852 | D:12     | Reached skill level 10 in Spellcasting
 15025 | D:12     | Noticed a two-headed ogre
 15618 | D:10     | Found a staircase to the Lair.
 15651 | D:10     | Noticed a two-headed ogre
 15656 | D:10     | Killed a two-headed ogre
 15906 | D:10     | Noticed a two-headed ogre
 16155 | D:10     | Killed a two-headed ogre
 16890 | D:10     | Found a snail-covered altar of Cheibriados.
 16915 | D:10     | Bought a runed helmet for 247 gold pieces
 16971 | Lair:1   | Entered Level 1 of the Lair of Beasts
 17181 | Lair:1   | Reached skill level 5 in Stealth
 17203 | Lair:1   | Noticed a four-headed hydra
 17330 | Lair:1   | Reached skill level 11 in Spellcasting
 17378 | Lair:1   | HP: 4/86 [komodo dragon (26)]
 17380 | Lair:1   | Mangled by a yak

Illustrated notes

Levels and vault maps discovered:
D:1:      eino_arrival_water_star, layout_rooms
D:2:      layout_basic
D:3:      layout_loops_corners, uniq_purgy, uniq_natasha
D:4:      layout_basic, nicolae_hepliaklqana_hippocampus
D:5:      minmay_recursive_quarters, layout_basic,
          mainiacjoe_overflow_big_doors, minmay_temple_entry_offerings
D:6:      layout_loops_ring, grunt_dithmenos_smoke,
          gammafunk_temple_overflow_wave
D:7:      gammafunk_cloud_chamber, layout_basic,
          mainiacjoe_overflow_six_doors_small, st_stairs_4
D:8:      layout_loops_ring, lemuel_doored_altar, mainiacjoe_overflow_24_doors,
          serial_shops, shop, shop, kennysheep_little_box, special_room
          [special_room_kobold], uniq_harold
D:9:      minmay_separated_statues, layout_loops_cross
D:10:     layout_cave_pools, lemuel_mausoleum_altar_kikubaaqudgha,
          mainiacjoe_overflow_concentric_impassable, overflow_temple_1_default,
          erik_lair_orcish_takeover, serial_undead, serial_undead_f,
          serial_undead_b, serial_undead_b, serial_undead_a,
          kennysheep_opposing_triangles, uniq_psyche, uniq_grum, uniq_nergalle,
          uniq_josephine
D:11:     layout_grid_maze, orc_0_dummy, minmay_diamond_spiral, uniq_gastronok
D:12:     wad_bat_island, layout_loops_ring, serial_bayou, serial_bayou_lake_a,
          serial_bayou_lagoon_a, serial_bayou_pond_b, serial_bayou_crossing,
          lemuel_old_faithful
D:13:     minmay_chopped_fan, layout_gridville, serial_shops, shop_fountains,
          uniq_nessos
Temple:   chequers_temple_sunken
Lair:1:   layout_regular_city, beast_lair_carwin_1, grunt_megastairs_5

Skill      XL: |  1  2  3  4  5  6  7  8  9 10 11 12 |
---------------+-------------------------------------+-----
Fighting       | 1 2 3 5 6 7 8 |  8.1
Spellcasting   | 3 4 5 6 7 8 9 11 | 11.0
Armour         | 1 2 3 4 5 6 7 8 |  8.3
Stealth        | 2 3 4 5 |  5.0
Dodging        | 3 4 6 |  6.7
Short Blades   | 1 2 3 |  3.6

Action                   |  1- 3 |  4- 6 |  7- 9 | 10-12 || total
-------------------------+-------+-------+-------+-------++-------
Melee: Dagger            |    34 |    11 |    49 |    20 ||   114
 Cast: Foxfire           |    15 |       |    53 |    32 ||   100
       Scorch            |    35 |    73 |    62 |     3 ||   173
       Flame Wave        |       |       |    23 |    55 ||    78
       Airstrike         |       |       |       |    84 ||    84
Invok: Call Merchant     |       |       |       |     1 ||     1
  Use: Scroll            |       |       |    13 |     6 ||    19
       Potion            |       |       |       |     5 ||     5
 Stab: Sleeping          |       |     2 |     1 |       ||     3
Armor: Robe              |     8 |     9 |    17 |    18 ||    52
Dodge: Dodged            |    35 |    30 |    88 |    97 ||   250

Table legend: (Time is in decaauts)
 A = Elapsed time spent in this place.
 B = Non-inter-level travel time spent in this place.
 C = Inter-level travel time spent in this place.
 D = Time resting spent in this place.
 E = Time spent auto-exploring this place.
 F = Levels seen in this place.
 G = Mean time per level.
                   A        B        C        D        E       F      G
               +--------+--------+--------+--------+--------+-----+--------+
         Total |  17387 |  17002 |    385 |   1369 |  13923 |  15 | 1159.1 |
       Dungeon |  16151 |  15815 |    336 |   1268 |  12895 |  13 | 1242.4 |
        Temple |    827 |    778 |     49 |      0 |    769 |   1 |  827.0 |
          Lair |    408 |    408 |      0 |    101 |    259 |   1 |  408.0 |
               +--------+--------+--------+--------+--------+-----+--------+

Top non-repeatable levels by time:
    D:10: 2333 daAuts
     D:9: 2269 daAuts
     D:1: 1617 daAuts
     D:3: 1552 daAuts
     D:4: 1507 daAuts
     D:8: 1470 daAuts
     D:5: 1460 daAuts
     D:2: 1372 daAuts
     D:7: 1251 daAuts
     D:6: 852 daAuts
  Temple: 827 daAuts
  Lair:1: 408 daAuts
    D:12: 266 daAuts
    D:13: 188 daAuts
    D:11: 7 daAuts
